 Dungeon Crawl Stone Soup version 0.29.1-1-gd02db6906a (webtiles) character file.

Game seed: 1786646262271848938

8250 sleeves the Geomancer (level 11, -3/84 HPs)
             Began as a Hill Orc Earth Elementalist on Sept 18, 2022.
             Was a Priest of Sif Muna.
             Slain by an orc warlord
             ... wielding a +8 battleaxe
              (11 damage)
             ... in a bailey.
             The game lasted 00:38:48 (12851 turns).

sleeves the Geomancer (HOEE)                       Turns: 12851, Time: 00:38:49

Health: -3/84      AC:  8    Str: 12    XL:     11   Next: 27%
Magic:  27/27      EV: 15    Int: 19    God:    Sif Muna [***...]
Gold:   737        SH:  3    Dex: 11    Spells: 6/19 levels left

rFire   . . .      SeeInvis .   F - staff of earth
rCold   . . .      Faith    .   J - +0 buckler
rNeg    . . .      Spirit   .   M - +0 steam dragon scales
rPois   .          Reflect  .   (no helmet)
rElec   .          Harm     .   z - +2 cloak
rCorr   .          Rampage  .   (no gloves)
Will    .....                   (no boots)
Stlth   +++.......              (no amulet)
HPRegen 0.24/turn               I - ring of magical power
MPRegen 0.20/turn               x - +4 ring of evasion

@: no status effects
A: no striking features
a: Renounce Religion, Channel Magic, Forget Spell


You were in a bailey.
You worshipped Sif Muna.
Sif Muna was most pleased with you.
You visited 2 branches of the dungeon, and saw 11 of its levels.
You also visited: Bailey.

You collected 737 gold pieces.

Inventory:

Hand Weapons
 d - a +0 hand axe
   (You found it on level 1 of the Dungeon)
 q - a +1 whip of venom
   (You took it off an orc on level 3 of the Dungeon)
 D - a +2 morningstar of venom
   (You found it on level 6 of the Dungeon)
Missiles
 C - 2 throwing nets
Armour
 a - a +0 robe
 z - a +2 cloak (worn)
   (You found it on level 5 of the Dungeon)
 J - a +0 buckler (worn)
   (You took it off a gnoll sergeant on level 8 of the Dungeon)
 M - +0 steam dragon scales (worn)
   (You found it on level 9 of the Dungeon)
Magical Staves
 F - a staff of earth (weapon)
   (You found it on level 2 of the Dungeon)
Jewellery
 t - a +6 ring of dexterity
   (You took it off an orc on level 3 of the Dungeon)
 x - a +4 ring of evasion (right hand)
   (You found it on level 4 of the Dungeon)
 A - a ring of willpower
   (You found it on level 5 of the Dungeon)
 H - a +4 ring of evasion
   (You found it on level 7 of the Dungeon)
 I - a ring of magical power (left hand)
   (You took it off an orc wizard on level 7 of the Dungeon)
 L - a ring of protection from cold
   (You took it off a kobold demonologist on level 8 of the Dungeon)
Wands
 w - a wand of charming (4)
   (You took it off an orc on level 4 of the Dungeon)
 E - a wand of roots (12)
   (You took it off Sigmund on level 6 of the Dungeon)
 N - a wand of flame (7)
   (You took it off Pikel on level 9 of the Dungeon)
Scrolls
 c - 2 scrolls of immolation
 e - a scroll of vulnerability {unknown}
 n - a scroll of poison {unknown}
 p - 3 scrolls of enchant weapon
 r - 2 scrolls of enchant armour
 s - a scroll of blinking {unknown}
 v - a scroll of fog {unknown}
 y - 2 scrolls of amnesia
 G - a scroll of magic mapping {unknown}
 K - 3 scrolls of summoning {unknown}
 O - a scroll of teleportation {unknown}
 Q - a scroll of acquirement
Potions
 b - a potion of magic
 f - 2 potions of degeneration {unknown}
 g - 3 potions of haste {unknown}
 h - 5 potions of curing
 i - 6 potions of attraction
 j - 3 potions of ambrosia {unknown}
 k - a potion of resistance {unknown}
 l - 3 potions of heal wounds
 m - 2 potions of brilliance {unknown}
 o - 5 potions of lignification
 u - 2 potions of might {unknown}
 B - 3 potions of mutation {unknown}
 P - a potion of flight {unknown}


   Skills:
 - Level 4.0 Fighting
 - Level 1.5 Dodging
 + Level 4.8 Stealth
 + Level 4.9 Spellcasting
 + Level 9.7 Conjurations
 - Level 0.6 Transmutations
 - Level 10.0 Earth Magic
 + Level 7.9 Invocations


You had 6 spell levels left.
You knew the following spells:

 Your Spells              Type           Power      Damage    Failure   Level
a - Sandblast             Erth           100%       2d20      1%          1
b - Stone Arrow           Conj/Erth      100%       3d13      1%          3
c - Passwall              Tmut/Erth      30%        N/A       3%          2
d - Petrify               Tmut/Erth      37%        N/A       19%         4
e - Conjure Flame         Conj/Fire      23%        6-21      7%          3

Your spell library contained the following spells:

 Spells                   Type           Power      Damage    Failure   Level
 Foxfire                  Conj/Fire      92%        2x1d8     2%          1
 Flame Wave               Conj/Fire      23%        2d8       22%         4
 Gell's Gravitas          Tloc           4%         N/A       45%         3
 Inner Flame              Hex/Fire       4%         N/A       45%         3
 Teleport Other           Tloc           4%         N/A       45%         3
 Cause Fear               Hex            2%         N/A       86%         4
 Dispersal                Tloc           2%         N/A       100%        6
 Dragon Form              Tmut           3%         N/A       100%        7
 Disjunction              Tloc           2%         N/A       100%        8
 Dragon's Call            Summ           2%         N/A       100%        9


Dungeon Overview and Level Annotations

Branches:
Dungeon (10/15)            Temple (1/1) D:6             Orc (0/2) D:9
 Bailey (1/1)
   Lair: D:8-11

Altars:
Ashenzari
Cheibriados
Dithmenos
Elyvilon
Fedhas
Gozag
Hepliaklqana
Kikubaaqudgha
Makhleb
Nemelex Xobeh
Okawaru
Qazlal
Ru
Sif Muna
Trog
Uskayaw
Vehumet
Wu Jian
Xom
Yredelemnul
Zin
The Shining One

Annotations:
D:6 1 runed translucent door, Crazy Yiuf
D:8 exclusion: downstairs
D:9 Harold; Urug
D:10 3 runed translucent doors, lmSkywalker's ghost, journeyman OgCA


Message History

The howler monkey howls!
You feel a surge of power!
The blast of sand hits the howler monkey!!!
You kill the howler monkey!
Sif Muna accepts your kill.
c - 2 scrolls labelled LOSADW EQ UDETT (gained 1)
K - 2 scrolls labelled BIEWUAH VETU (gained 1)
l - 3 red potions (gained 1)
E - a wand of roots (22) (gained 7 charges)
There is a stone staircase leading down here.
Found a plate armour.
A kobold brigand comes into view.
It is wielding a +0 short sword and quivering curare-tipped darts.
The kobold brigand shouts!
A kobold comes into view. It is wielding a +0 dagger.
The kobold brigand throws a curare-tipped dart.
The curare-tipped dart hits you.
You are poisoned.
You have difficulty breathing.
You feel yourself slow down.
A kobold comes into view. It is wielding a +0 short sword.
Unknown command.
Unknown command.
Unknown command.
You feel very sick.
The kobold brigand throws a curare-tipped dart.
The curare-tipped dart completely misses you.
You feel sick.
You start resting.
You feel sick. x2
A kobold is nearby!
You feel sick.
You are no longer poisoned.
The kobold brigand throws a curare-tipped dart.
The curare-tipped dart misses you.
Casting: Sandblast (safe; 1% risk of failure)
Confirm with . or Enter, or press ? or * to list all spells.
Aiming: Stone Arrow (safe; 1% risk of failure)
Press: ? - help, Shift-Dir - straight line, f - kobold brigand
Aim: a kobold brigand, wielding a +0 short sword and quivering curare-tipped darts (72% to hit)
You feel a surge of power!
The stone arrow hits the kobold brigand!
The kobold brigand is heavily wounded.
The kobold shouts!
You feel yourself speed up.
The kobold brigand throws a curare-tipped dart.
The curare-tipped dart closely misses you.
Casting: Stone Arrow (safe; 1% risk of failure)
Confirm with . or Enter, or press ? or * to list all spells.
Aiming: Stone Arrow (safe; 1% risk of failure)
Press: ? - help, Shift-Dir - straight line, f/p - kobold brigand
Aim: a kobold brigand, wielding a +0 short sword and quivering curare-tipped darts (heavily wounded, 72% to hit)
You feel a surge of power!
The stone arrow hits the kobold brigand!!
You kill the kobold brigand!
Sif Muna accepts your kill.
Things that are here:
a +0 short sword; a curare-tipped dart; a kobold corpse You feel a surge of power!
The blast of sand hits the kobold!!
You kill the kobold!
Sif Muna accepts your kill.
You can now freely open your mind to new spells.
You can't see any susceptible monsters within range! (Use Z to cast anyway.)
A kobold is nearby!
You can't see any susceptible monsters within range! (Use Z to cast anyway.)
You see here a +0 dagger.
You can't see any susceptible monsters within range! (Use Z to cast anyway.)
You feel a surge of power!
The blast of sand hits the kobold!
You kill the kobold!
Sif Muna accepts your kill.
Magic restored.
HP restored.
An orc wizard is nearby!
No target in view!
There are monsters nearby!
There are monsters nearby!
You feel a surge of power!
The blast of sand hits the orc wizard!
The orc wizard is severely wounded.
The orc shouts!
You feel a surge of power!
The blast of sand hits the orc wizard!
You kill the orc wizard!
Sif Muna accepts your kill.
You feel a surge of power!
The blast of sand hits the orc!
You kill the orc!
Sif Muna accepts your kill.
Okay, then.
You now have 641 gold pieces (gained 56).
Things that are here:
a +0 dagger; a +0 robe; an orc corpse You now have 648 gold pieces (gained 7).
Items here: ( ) [ †.
k - 9 scrolls labelled BEDEJEPN LEESIMM (gained 1)
Found 6 stones.
Found a staircase to the Orcish Mines.
There is a shaft here.
Found a stone staircase leading down.
Found an escape hatch in the floor.
h - 5 fizzy sapphire potions (gained 1)
i - 6 fuming cyan potions (gained 1)
Found an escape hatch in the ceiling.
There is an escape hatch in the ceiling here.
You now have 661 gold pieces (gained 13).
Things that are here:
a +0 club; a +0 leather armour
Things that are here:
a +0 mace; 2 boomerangs of dispersal; a +0 leather armour
Items here: ))) [[[.
Items here: ( ))) [[[.
There is a stone staircase leading up here.
You see here a +0 hand axe.
Partly explored, can't reach some places.
Partly explored, can't reach some places.
Press: ? - help, . - travel You can't see that place. [the floor.]
There is a stone staircase leading down here.
You climb downwards.
You hear the roar of battle.
There is an entrance to a bailey on this level.
Hurry and find it before the portal closes forever!
LmSkywalker's ghost turns its malevolent gaze towards you.
You hear a roar!
Found a glowing war axe.
Found a runed translucent gate.
There is a stone staircase leading up here.
Unknown command.
Unknown command.
LmSkywalker's ghost hits something! 2 kobolds come into view.
You see here 15 gold pieces.
A goblin and a kobold come into view.
The kobold shouts!
You hear a shout! x2; The goblin shouts!
A kobold brigand comes into view.
It is wielding a +2 dagger of venom and quivering poisoned darts.
The kobold moves out of view.
You hear a shout!
You see here 15 gold pieces.
A kobold comes into view. It is wielding a +0 short sword.
The kobold moves out of view.
You feel a surge of power!
The blast of sand hits the kobold!
You kill the kobold!
Sif Muna accepts your kill.
The kobold brigand throws a poisoned dart.
The poisoned dart hits you.
You are poisoned.
You feel sick.
The kobold brigand throws a poisoned dart.
The poisoned dart barely misses you.
You feel sick.
There is a stone staircase leading up here.
You start resting.
You feel sick.
A kobold brigand is nearby!
Found a manual of Throwing.
You feel sick.
Urug the Orcish Ballista comes into view.
She is wielding a +5 eveningstar.
You feel sick.
You are no longer poisoned.
You block the goblin's attack.
There is a stone staircase leading up here.
The nine-headed hydra roars!
The goblin barely misses you.
You climb upwards.
Level annotation: Harold
There is a stone staircase leading down here.
You feel a surge of power!
The blast of sand hits the goblin!
You kill the goblin!
Sif Muna accepts your kill.
You climb downwards.
You hear the roar of battle.
There is an entrance to a bailey on this level.
Hurry and find it before the portal closes forever!
Level annotation: 3 runed translucent doors, Urug; lmSkywalker's ghost, journeyman OgCA The kobold barely misses you.
The kobold brigand throws a poisoned dart.
The poisoned dart misses you.
The poisoned dart closely misses the kobold.
The kobold hits you but does no damage.
There is a stone staircase leading up here.
Unknown command.
You barely miss the kobold.
The kobold brigand throws a poisoned dart.
The poisoned dart misses you. The kobold misses you.
The kobold shouts! x2
You hit the kobold.
The kobold is severely wounded.
The kobold closely misses you. The kobold hits you but does no damage.
The kobold brigand hits you with a +2 dagger of venom!
You are poisoned.
You climb upwards.
Level annotation: Harold You feel very sick.
There is a stone staircase leading down here.
You feel a surge of power!
The blast of sand hits the kobold!!
You kill the kobold!
Sif Muna accepts your kill.
You feel very sick. The kobold brigand barely misses you.
You feel a surge of power!
The blast of sand misses the kobold brigand.
You feel very sick. The kobold brigand barely misses you.
The kobold brigand hits you with a +2 dagger of venom.
You feel a surge of power!
The blast of sand hits the kobold brigand!!
You kill the kobold brigand!
Sif Muna accepts your kill.
You feel sick.
You can't see any susceptible monsters within range! (Use Z to cast anyway.)
You can't see any susceptible monsters within range! (Use Z to cast anyway.)
You start resting.
You feel sick. x4
You are no longer poisoned.
You start resting.
Magic restored.
You start resting.
HP restored.
You climb downwards.
You hear the roar of battle.
There is an entrance to a bailey on this level.
Hurry and find it before the portal closes forever!
Level annotation: 3 runed translucent doors, Urug; lmSkywalker's ghost, journeyman OgCA You hear the creaking of a portcullis nearby.
A goblin comes into view. It is wielding a +0 hand axe.
The kobold completely misses you. The kobold barely misses you.
A goblin comes into view. It is wielding a +0 hand axe.
The goblin moves out of view.
There is a stone staircase leading up here.
Unknown command.
You block the kobold's attack.
The kobold hits you with a +0 short sword.
You climb upwards.
Level annotation: Harold
There is a stone staircase leading down here.
You feel a surge of power!
The blast of sand hits the kobold!!
You kill the kobold!
Sif Muna accepts your kill. The kobold barely misses you.
You block the kobold's attack.
You feel a surge of power!
The blast of sand hits the kobold!!
You kill the kobold!
Sif Muna accepts your kill.
You can't see any susceptible monsters within range! (Use Z to cast anyway.)
You climb downwards.
You hear the roar of battle.
There is an entrance to a bailey on this level.
Hurry and find it before the portal closes forever!
Level annotation: 3 runed translucent doors, Urug; lmSkywalker's ghost, journeyman OgCA
There is a stone staircase leading up here.
Unknown command.
Unknown command.
Press: ? - help, v - describe, . - travel
Here: Urug, wielding a +5 eveningstar, wearing a +0 scale mail and quivering javelins (wandering, hasn't noticed you)
The floor.
Unknown command.
Unknown command.
Unknown command.
Unknown command.
Unknown command.
Unknown command.
Okay, then.
Press: ? - help, v - describe, . - travel
Here: Urug, wielding a +5 eveningstar, wearing a +0 scale mail and quivering javelins (wandering, hasn't noticed you)
The floor.
You climb upwards.
Level annotation: Harold
There is a stone staircase leading down here.
There is a stone staircase leading down here.
P - a glowing inky potion You see here a +0 short sword.
Items here: (( )) †.
Things that are here:
2 stones; a +0 dagger You see here a +0 hand axe.
There is a stone staircase leading down here.
You climb downwards.
You hear the roar of battle.
There is an entrance to a bailey on this level.
Hurry and find it before the portal closes forever!
Level annotation: 3 runed translucent doors, Urug; lmSkywalker's ghost, journeyman OgCA
Found a buckler.
There is a stone staircase leading up here.
Unknown command.
Unknown command.
A black bear comes into view.
Found a stone staircase leading down.
You see here a +0 buckler.
Found 21 gold pieces.
Found 3 scrolls labelled BEDEJEPN LEESIMM.
Press: ? - help, . - travel, g - get item You can't see that place. [Stash: a manual of Throwing] [the floor.]
You feel a surge of power!
The blast of sand hits the goblin.
You kill the goblin!
Sif Muna accepts your kill.
You hear a splash.
You now have 682 gold pieces (gained 21).
A goblin comes into view. It is wielding a +0 hand axe.
You feel a surge of power!
The blast of sand hits the goblin!!
You kill the goblin!
Sif Muna accepts your kill.
You hear a splash.
The goblin shouts!
You feel a surge of power!
The blast of sand hits the goblin!!
You kill the goblin!
Sif Muna accepts your kill.
You enter the shallow water.
Moving in this stuff is going to be slow.
Found a flagged portal.
Things that are here:
a +0 hand axe; a goblin corpse You hear the creaking of a portcullis.
A komodo dragon comes into view.
The komodo dragon hisses angrily.
There is a stone staircase leading up here.
You climb upwards.
Level annotation: Harold
There is a stone staircase leading down here.
This spell is dangerous to cast!
Memorise Petrify, consuming 4 spell levels and leaving 9?
You start memorising the spell.
You continue memorising. x4
You finish memorising.
Spell assigned to 'd'.
Okay, then.
As you read the scroll labelled BEDEJEPN LEESIMM, it crumbles to dust.
It is a scroll of identify.
c - 2 scrolls of immolation
As you read the scroll of identify, it crumbles to dust.
y - 2 scrolls of amnesia
As you read the scroll of identify, it crumbles to dust.
K - 2 scrolls of fear
As you read the scroll of identify, it crumbles to dust.
p - 3 scrolls of enchant weapon
As you read the scroll of identify, it crumbles to dust.
r - 2 scrolls of enchant armour
As you read the scroll of identify, it crumbles to dust.
i - 6 potions of attraction
As you read the scroll of identify, it crumbles to dust.
h - 5 potions of curing
As you read the scroll of identify, it crumbles to dust.
o - 5 potions of lignification
As you read the scroll of identify, it crumbles to dust.
l - 3 potions of heal wounds This spell is dangerous to cast!
Memorise Conjure Flame, consuming 3 spell levels and leaving 6?
You start memorising the spell.
You continue memorising. x3
You finish memorising.
Spell assigned to 'e'.
Okay, then.
There is a stone staircase leading down here.
You climb downwards.
You hear the roar of battle.
There is an entrance to a bailey on this level.
Hurry and find it before the portal closes forever!
Level annotation: 3 runed translucent doors, Urug; lmSkywalker's ghost, journeyman OgCA The nine-headed hydra roars!
There is a stone staircase leading up here.
Unknown command.
Casting: Sandblast (safe; 1% risk of failure)
Confirm with . or Enter, or press ? or * to list all spells.
Aiming: Petrify (dangerous; 19% risk of failure)
Press: ? - help, Shift-Dir - straight line, f - Urug
Aim: Urug, wielding a +5 eveningstar, wearing a +0 scale mail and quivering javelins (wandering, hasn't noticed you, chance to affect: 47%)
You feel a surge of power!
Urug shouts!
Urug resists with some effort.
LmSkywalker's ghost turns its malevolent gaze towards you.
LmSkywalker's ghost says, "One skewered Hill Orc, coming right up."
Unknown command.
Casting: Petrify (dangerous; 19% risk of failure)
Confirm with . or Enter, or press ? or * to list all spells.
You don't know that spell.
Casting: Petrify (dangerous; 19% risk of failure)
Confirm with . or Enter, or press ? or * to list all spells.
Aiming: Petrify (dangerous; 19% risk of failure)
Press: ? - help, Shift-Dir - straight line, f/p - Urug
Aim: Urug, wielding a +5 eveningstar, wearing a +0 scale mail and quivering javelins (chance to affect: 47%)
You feel a surge of power!
Urug is moving more slowly.
Urug hits you with a +5 eveningstar!!
You climb upwards.
Level annotation: Harold
There is a stone staircase leading down here.
Okay, then.
You see here a +0 hand axe.
Okay, then.
Your +1 whip of venom begins to drip with poison!
q - a +1 whip of venom (weapon)
You hit Urug.
Urug is poisoned.
Urug stops moving altogether!
The helpless Urug fails to defend herself.
You hit Urug but do no damage.
Urug looks as sick as possible!
The helpless Urug fails to defend herself.
You hit Urug but do no damage.
The helpless Urug fails to defend herself.
You hit Urug.
Urug is lightly wounded.
The helpless Urug fails to defend herself.
You hit Urug but do no damage.
Urug looks as sick as possible!
Urug is lightly wounded.
The helpless Urug fails to defend herself.
You hit Urug.
Urug is lightly wounded.
The helpless Urug fails to defend herself.
You hit Urug but do no damage.
Urug looks as sick as possible!
Urug is lightly wounded.
The helpless Urug fails to defend herself.
You hit Urug but do no damage.
Urug is lightly wounded.
The helpless Urug fails to defend herself.
You hit Urug but do no damage.
Urug is lightly wounded.
Urug is no longer petrified.
Urug hits you with a +5 eveningstar!!
* * * LOW HITPOINT WARNING * * *
As you read the scroll of fear, it crumbles to dust.
You assume a fearsome visage.
Urug looks frightened!
Urug stares with her one eyeball.
Urug throws a javelin.
The javelin pierces through you!
* * * LOW HITPOINT WARNING * * *
There is a stone staircase leading down here.
You climb downwards.
You hear the roar of battle.
There is an entrance to a bailey on this level.
Hurry and find it before the portal closes forever!
Level annotation: 3 runed translucent doors, lmSkywalker's ghost, journeyman OgCA You hear the steady creaking of a distant portcullis.
You block the orc's attack.
Found 3 poisoned darts and 12 gold pieces.
There is a stone staircase leading up here.
Unknown command.
Casting: Petrify (dangerous; 19% risk of failure)
Confirm with . or Enter, or press ? or * to list all spells.
Aiming: Stone Arrow (safe; 1% risk of failure)
Press: ? - help, Shift-Dir - straight line, f - orc wizard
Aim: an orc wizard, wielding a +2 dagger of venom and wearing a +0 robe (asleep, 100% to hit)
The stone arrow hits the orc wizard!!
You kill the orc wizard!
Sif Muna accepts your kill.
You hear two shouts!
The orc shouts!
You hear a shout!
A two-headed ogre comes into view.
It is wielding a +0 giant spiked club and a +0 giant club.
The orc hits you but does no damage.
The orc shouts!
The orc barely misses you. The orc misses you.
You climb upwards.
Level annotation: Harold; Urug
There is a stone staircase leading down here.
As you read the scroll of fear, it crumbles to dust.
You assume a fearsome visage.
Urug looks frightened!
The orc looks frightened! x2
Urug hums to herself desperately, trying to keep calm.
Casting: Stone Arrow (safe; 1% risk of failure)
Confirm with . or Enter, or press ? or * to list all spells.
Aiming: Sandblast (safe; 1% risk of failure)
Press: ? - help, Shift-Dir - straight line, f - orc
Aim: an orc, wielding a +0 dagger and wearing a +0 ring mail (fleeing, 87% to hit)
The blast of sand misses the orc.
The orc gives up.
Casting: Sandblast (safe; 1% risk of failure)
Confirm with . or Enter, or press ? or * to list all spells.
Aiming: Sandblast (safe; 1% risk of failure)
Press: ? - help, Shift-Dir - straight line, f/p - orc
Aim: an orc, wielding a +0 dagger and wearing a +0 ring mail (fleeing, 87% to hit)
The blast of sand misses the orc.
Casting: Sandblast (safe; 1% risk of failure)
Confirm with . or Enter, or press ? or * to list all spells.
Aiming: Sandblast (safe; 1% risk of failure)
Press: ? - help, Shift-Dir - straight line, f/p - orc
Aim: an orc, wielding a +0 dagger and wearing a +0 ring mail (fleeing, 87% to hit)
The blast of sand misses the orc.
Casting: Sandblast (safe; 1% risk of failure)
Confirm with . or Enter, or press ? or * to list all spells.
You can't see any susceptible monsters within range! (Use Z to cast anyway.) Unknown command.
Casting: Sandblast (safe; 1% risk of failure)
Confirm with . or Enter, or press ? or * to list all spells.
Aiming: Sandblast (safe; 1% risk of failure)
Press: ? - help, Shift-Dir - straight line, f/p - orc
Aim: an orc, wielding a +0 dagger and wearing a +0 ring mail (fleeing, 87% to hit)
The blast of sand hits the orc!
You kill the orc!
Sif Muna accepts your kill.
You start resting.
Magic restored.
You start resting.
An orc is nearby!
Casting: Sandblast (safe; 1% risk of failure)
Confirm with . or Enter, or press ? or * to list all spells.
Aiming: Sandblast (safe; 1% risk of failure)
Press: ? - help, Shift-Dir - straight line, f - orc
Aim: an orc, wielding a +0 flail and wearing a +0 leather armour (85% to hit)
The blast of sand hits the orc!
You kill the orc!
Sif Muna accepts your kill.
You start resting.
Magic restored.
You start resting.
Urug is nearby!
Urug shouts!
Urug throws a javelin.
The javelin pierces through you.
Casting: Sandblast (safe; 1% risk of failure)
Confirm with . or Enter, or press ? or * to list all spells.
Aiming: Passwall (safe; 3% risk of failure)
Press: ? - help, Dir - move target A rock wall.
This rock feels extremely deep.
Unknown command.
Unknown command.
Casting: Passwall (safe; 3% risk of failure)
Confirm with . or Enter, or press ? or * to list all spells.
Aiming: Petrify (dangerous; 19% risk of failure)
Press: ? - help, Shift-Dir - straight line, f - Urug
Aim: Urug, wielding a +5 eveningstar, wearing a +0 scale mail and quivering javelins (moderately wounded, chance to affect: 37%) Urug is moving more slowly.
Urug throws a javelin.
The javelin barely misses you.
Urug stops moving altogether!
You see here a +0 dagger.
Things that are here:
a curare-tipped dart; a +0 short sword You see here a +0 hand axe.
There is a stone staircase leading down, spattered with blood here.
You climb downwards.
You hear the roar of battle.
There is an entrance to a bailey on this level.
Hurry and find it before the portal closes forever!
Level annotation: 3 runed translucent doors, lmSkywalker's ghost, journeyman OgCA You hear the quick creaking of a portcullis nearby.
The nine-headed hydra bites something! x4
The nine-headed hydra bites something.
The nine-headed hydra bites something!
The nine-headed hydra bites something.
The nine-headed hydra bites something! x2
There is a stone staircase leading up, spattered with blood here.
Unknown command.
Unknown command.
You see here a +0 hand axe.
You enter the shallow water.
Moving in this stuff is going to be slow.
There is a flagged portal here.
The world spins around you as you enter the gateway.
You enter a bailey!
Found a gate leading back out of this place.
There is an empty arch of ancient stone here.
Unknown command.
Unknown command.
A kobold opens the gate.
The blast of sand hits the kobold!!
You kill the kobold!
Sif Muna accepts your kill.
HP restored.
Magic restored.
A gnoll comes into view. It is wielding a +4 hand axe.
The gnoll shouts!
A gnoll is nearby!
A kobold comes into view.
Found three items.
There is an open gate here.
Things that are here:
a boomerang; a kobold corpse The blast of sand hits the gnoll!!
You kill the gnoll!
Sif Muna accepts your kill.
The orc warlord shouts!
You hear a shout!
The kobold throws a boomerang.
The boomerang hits you but does no damage.
The blast of sand hits the kobold!!
You kill the kobold!
Sif Muna accepts your kill.
A kobold comes into view.
A kobold is nearby!
No reachable target in view!
A kobold comes into view.
The kobold shouts!
Things that are here:
a +4 hand axe; a +0 leather armour; a gnoll corpse The kobold throws a boomerang.
The boomerang hits you but does no damage.
Things that are here:
2 boomerangs; a kobold corpse The blast of sand hits the kobold!
You kill the kobold!
Sif Muna accepts your kill.
The blast of sand hits the kobold!!
You kill the kobold!
Sif Muna accepts your kill.
No reachable target in view!
You can't see any susceptible monsters within range! (Use Z to cast anyway.)
Press: ? - help, v - describe, . - travel
Here: an orc warlord, wielding a +8 battleaxe and wearing a +0 plate armour (fire blocked by a translucent stone wall)
The floor.
Okay, then.
Things that are here:
a +4 hand axe; a +0 leather armour; a gnoll corpse
There is an open gate here.
Things that are here:
a boomerang; a kobold corpse Keep disrobing?
You stop removing your armour.
The kobold shouts!
You close the gate, pushing everything out of the way.
You start removing your armour.
You continue taking off your +0 robe. x2
Keep disrobing? [Y]es or [N]o only, please.
Keep disrobing?
You stop removing your armour.
Casting: Sandblast (safe; 1% risk of failure)
Confirm with . or Enter, or press ? or * to list all spells.
Aiming: Sandblast (safe; 1% risk of failure)
Press: ? - help, Shift-Dir - straight line, f - kobold
Aim: a kobold, quivering boomerangs (81% to hit)
The blast of sand misses the kobold.
The gnoll shouts!
The kobold throws a boomerang.
The boomerang closely misses you.
The kobold throws a boomerang.
The boomerang hits you but does no damage.
Casting: Sandblast (safe; 1% risk of failure)
Confirm with . or Enter, or press ? or * to list all spells.
Aiming: Sandblast (safe; 1% risk of failure)
Press: ? - help, Shift-Dir - straight line, f/p - kobold
Aim: a kobold, quivering boomerangs (81% to hit)
The blast of sand misses the kobold.
The kobold closely misses you.
Casting: Sandblast (safe; 1% risk of failure)
Confirm with . or Enter, or press ? or * to list all spells.
Aiming: Sandblast (safe; 1% risk of failure)
Press: ? - help, Shift-Dir - straight line, f/p - kobold
Aim: a kobold, quivering boomerangs (81% to hit)
The blast of sand hits the kobold!!
You kill the kobold!
Sif Muna accepts your kill. The gnoll misses you.
Casting: Sandblast (safe; 1% risk of failure)
Confirm with . or Enter, or press ? or * to list all spells.
Aiming: Sandblast (safe; 1% risk of failure)
Press: ? - help, Shift-Dir - straight line, f - gnoll
Aim: a gnoll, wielding a +0 hand axe and wearing a +0 leather armour (87% to hit)
The blast of sand hits the gnoll!
The gnoll is severely wounded.
The gnoll barely misses you.
Casting: Sandblast (safe; 1% risk of failure)
Confirm with . or Enter, or press ? or * to list all spells.
Aiming: Sandblast (safe; 1% risk of failure)
Press: ? - help, Shift-Dir - straight line, f/p - gnoll
Aim: a gnoll, wielding a +0 hand axe and wearing a +0 leather armour (severely wounded, 87% to hit)
The blast of sand hits the gnoll!
You kill the gnoll!
Sif Muna accepts your kill.
You start removing your armour.
You continue taking off your +0 robe. x4
You finish taking off your +0 robe.
You start putting on your armour.
You continue putting on your +0 steam dragon scales.
Keep equipping yourself?
You continue putting on your +0 steam dragon scales. x4
You finish putting on your +0 steam dragon scales.
You close the gate, pushing everything out of the way.
You open the gate.
The goblin shouts!
There is an open gate here.
The blast of sand hits the goblin!
You kill the goblin!
Sif Muna accepts your kill.
Okay, then.
Okay, then.
Found a tin of tremorstones (2/2).
Found a gate leading back out of this place.
The gnoll shouts!
Your +1 whip of venom stops dripping with poison.
F - a staff of earth (weapon)
Aiming: Charm
Press: ? - help, Shift-Dir - straight line, f - orc warlord
Aim: an orc warlord, wielding a +8 battleaxe and wearing a +0 plate armour (fire blocked by a translucent stone wall, chance to affect: 17%) There's something in the way.
Okay, then.
Things that are here:
a +0 hand axe; a +0 leather armour; a goblin corpse
k - a lumpy purple potion You see here 2 boomerangs.
Found a gate leading back out of this place.
There is an open door here.
An orc and a kobold come into view.
The kobold moves out of view.
Found 26 gold pieces and a fizzy amethyst potion.
A hobgoblin comes into view. It is wielding a +0 hand axe.
The orc shouts!
The hobgoblin shouts!
You hear a shout!
The kobold throws a boomerang.
The boomerang barely misses you.
An orc warrior comes into view. It is wielding a +0 war axe.
You hear a shout! x3
There is an open door here.
You feel a surge of power!
The blast of sand hits the hobgoblin!
You kill the hobgoblin!
Sif Muna accepts your kill.
You feel a surge of power!
The blast of sand hits the kobold!!
You kill the kobold!
Sif Muna accepts your kill.
You feel a surge of power!
The blast of sand hits the orc!
You kill the orc!
Sif Muna accepts your kill.
You feel a surge of power!
The blast of sand hits the orc warrior but does no damage.
Casting: Sandblast (safe; 1% risk of failure)
Confirm with . or Enter, or press ? or * to list all spells.
Aiming: Stone Arrow (safe; 1% risk of failure)
Press: ? - help, Shift-Dir - straight line, f/p - orc warrior
Aim: an orc warrior, wielding a +0 war axe and wearing a +0 chain mail (75% to hit)
You feel a surge of power!
The stone arrow hits the orc warrior!!
The orc warrior is severely wounded.
You block the orc warrior's attack.
Casting: Stone Arrow (safe; 1% risk of failure)
Confirm with . or Enter, or press ? or * to list all spells.
Aiming: Stone Arrow (safe; 1% risk of failure)
Press: ? - help, Shift-Dir - straight line, f/p - orc warrior
Aim: an orc warrior, wielding a +0 war axe and wearing a +0 chain mail (severely wounded, 75% to hit)
You feel a surge of power!
The stone arrow misses the orc warrior.
The orc warrior hits you with a +0 war axe.
Casting: Stone Arrow (safe; 1% risk of failure)
Confirm with . or Enter, or press ? or * to list all spells.
Aiming: Stone Arrow (safe; 1% risk of failure)
Press: ? - help, Shift-Dir - straight line, f/p - orc warrior
Aim: an orc warrior, wielding a +0 war axe and wearing a +0 chain mail (severely wounded, 75% to hit)
You feel a surge of power!
The stone arrow hits the orc warrior!
You kill the orc warrior!
Sif Muna accepts your kill.
An orc warrior comes into view. It is wielding a +0 war axe.
Items here: )) [[ ††.
There is an open door here.
Casting: Stone Arrow (safe; 1% risk of failure)
Confirm with . or Enter, or press ? or * to list all spells.
Aiming: Stone Arrow (safe; 1% risk of failure)
Press: ? - help, Shift-Dir - straight line, f - orc warrior
Aim: an orc warrior, wielding a +0 war axe and wearing a +0 ring mail (72% to hit)
You feel a surge of power!
The stone arrow hits the orc warrior!
The orc warrior is moderately wounded.
Casting: Stone Arrow (safe; 1% risk of failure)
Confirm with . or Enter, or press ? or * to list all spells.
Aiming: Stone Arrow (safe; 1% risk of failure)
Press: ? - help, Shift-Dir - straight line, f/p - orc warrior
Aim: an orc warrior, wielding a +0 war axe and wearing a +0 ring mail (moderately wounded, 72% to hit)
You feel a surge of power!
The stone arrow hits the orc warrior!!
You kill the orc warrior!
Sif Muna accepts your kill.
Casting: Stone Arrow (safe; 1% risk of failure)
Confirm with . or Enter, or press ? or * to list all spells.
You can't see any susceptible monsters within range! (Use Z to cast anyway.) Unknown command.
HP restored.
Magic restored.
There is an open door here.
Things that are here:
a +0 war axe; a +0 ring mail
Items here: )) [[ ††.
There is an open door here.
Things that are here:
a +0 hand axe; a +0 leather armour A kobold comes into view.
Things that are here:
2 boomerangs; a potion of heal wounds; a kobold corpse
Found 2 bubbling red potions.
Found 15 gold pieces.
Casting: Stone Arrow (safe; 1% risk of failure)
Confirm with . or Enter, or press ? or * to list all spells.
Aiming: Stone Arrow (safe; 1% risk of failure)
Press: ? - help, Shift-Dir - straight line, f - kobold
Aim: a kobold, quivering boomerangs (wandering, hasn't noticed you, 72% to hit)
You feel a surge of power!
The stone arrow hits the kobold!!
You kill the kobold!
Sif Muna accepts your kill.
Found a runed translucent gate.
You now have 708 gold pieces (gained 26).
m - 2 fizzy amethyst potions (gained 1)
B - 3 bubbling red potions (gained 2)
You now have 723 gold pieces (gained 15).
A hobgoblin comes into view. It is wielding a +0 hand axe.
A kobold comes into view.
A kobold comes into view.
The hobgoblin shouts!
An orc warrior comes into view. It is wielding a +0 war axe.
The kobold moves out of view.
The orc warrior shouts!
You hear a shout!
You feel a surge of power!
The blast of sand hits the kobold!
You kill the kobold!
Sif Muna accepts your kill.
The orc warlord shouts!
The gnoll shouts!
You feel a surge of power!
The blast of sand hits the hobgoblin!
You kill the hobgoblin!
Sif Muna accepts your kill.
Casting: Sandblast (safe; 1% risk of failure)
Confirm with . or Enter, or press ? or * to list all spells.
Aiming: Stone Arrow (safe; 1% risk of failure)
Press: ? - help, Shift-Dir - straight line, f - orc warrior
Aim: an orc warrior, wielding a +0 war axe and wearing a +0 plate armour (78% to hit)
You feel a surge of power!
The stone arrow hits the orc warrior!!
You kill the orc warrior!
Sif Muna accepts your kill.
Casting: Stone Arrow (safe; 1% risk of failure)
Confirm with . or Enter, or press ? or * to list all spells.
You can't see any susceptible monsters within range! (Use Z to cast anyway.) Unknown command.
Things that are here:
a +0 hand axe; a +0 leather armour
Things that are here:
a +0 war axe; a +0 plate armour
Found an amethyst potion.
Casting: Stone Arrow (safe; 1% risk of failure)
Confirm with . or Enter, or press ? or * to list all spells.
Aiming: Stone Arrow (safe; 1% risk of failure)
Press: ? - help, Shift-Dir - straight line, f - kobold
Aim: a kobold, quivering boomerangs (wandering, hasn't noticed you, 72% to hit)
You feel a surge of power!
The stone arrow hits the kobold!
You kill the kobold!
Sif Muna accepts your kill.
g - 3 amethyst potions (gained 1)
Found a gate leading back out of this place.
There is an open door here.
You see here 2 boomerangs.
A kobold comes into view.
There is an open door here.
The kobold shouts!
You hear a shout! x2
Casting: Stone Arrow (safe; 1% risk of failure)
Confirm with . or Enter, or press ? or * to list all spells.
Aiming: Stone Arrow (safe; 1% risk of failure)
Press: ? - help, Shift-Dir - straight line, f - kobold
Aim: a kobold, quivering boomerangs (72% to hit)
You feel a surge of power!
The stone arrow hits the kobold!
You kill the kobold!
Sif Muna accepts your kill.
An orc comes into view. It is wielding a +0 hand axe.
There is an open door here.
There is an open door here.
You see here 2 boomerangs.
The gnoll shouts!
Casting: Stone Arrow (safe; 1% risk of failure)
Confirm with . or Enter, or press ? or * to list all spells.
Aiming: Stone Arrow (safe; 1% risk of failure)
Press: ? - help, Shift-Dir - straight line, f - orc
Aim: an orc, wielding a +0 hand axe and wearing a +0 leather armour (78% to hit)
You feel a surge of power!
The stone arrow hits the orc!!
You kill the orc!
Sif Muna accepts your kill.
There is an open door here.
Things that are here:
a +0 hand axe; a +0 leather armour
Items here: )) [[ ††.
Things that are here:
a +0 war axe; a +0 ring mail
There is an open door here.
Things that are here:
2 boomerangs; a kobold skeleton
Things that are here:
a +0 hand axe; a +0 leather armour; a goblin skeleton
Casting: Stone Arrow (safe; 1% risk of failure)
Confirm with . or Enter, or press ? or * to list all spells.
Aiming: Stone Arrow (safe; 1% risk of failure)
Press: ? - help, Shift-Dir - straight line, f - kobold
Aim: a kobold, quivering boomerangs (wandering, hasn't noticed you, 72% to hit)
You feel a surge of power!
The stone arrow hits the kobold!!
You kill the kobold!
Sif Muna accepts your kill.
K - 3 scrolls labelled LOSKIUNUMU You now have 737 gold pieces (gained 14).
Things that are here:
2 boomerangs; a kobold corpse
There is an open door here.
There is an open door here.
You see here 2 boomerangs.
Unknown command.
Unknown command.
You open the gate. The gnoll closely misses you.
The gnoll attacks as you move away! The gnoll hits you with a +0 hand axe.
The gnoll attacks as you move away! You block the gnoll's attack.
The gnoll attacks as you move away! The gnoll closely misses you.
There is an open door here.
Things that are here:
a +0 hand axe; a +0 leather armour The gnoll attacks as you move away!
You block the gnoll's attack.
Items here: )) [[ ÷÷.
The gnoll attacks as you move away! The gnoll hits you with a +0 hand axe.
Things that are here:
a +0 war axe; a +0 ring mail
There is an open door here.
Casting: Stone Arrow (safe; 1% risk of failure)
Confirm with . or Enter, or press ? or * to list all spells.
Aiming: Stone Arrow (safe; 1% risk of failure)
Press: ? - help, Shift-Dir - straight line, f - gnoll
Aim: a gnoll, wielding a +0 hand axe and wearing a +0 leather armour (81% to hit)
You feel a surge of power!
The stone arrow hits the gnoll!!
You kill the gnoll!
Sif Muna accepts your kill.
Aiming: Fastroot
Press: ? - help, Shift-Dir - straight line, f - orc warlord
Aim: an orc warlord, wielding a +8 battleaxe and wearing a +0 plate armour The roots erupt in riotous growth!
Roots grab the orc warlord.
The grasping roots constrict the orc warlord, but do no damage.
The orc warlord struggles to escape constriction.
The grasping roots constrict the orc warlord.
The roots release their grip on the orc warlord.
Things that are here:
2 boomerangs; a kobold skeleton
Things that are here:
a +0 hand axe; a +0 leather armour; a goblin skeleton
Aiming: Fastroot
Press: ? - help, Shift-Dir - straight line, f/p - orc warlord
Aim: an orc warlord, wielding a +8 battleaxe and wearing a +0 plate armour The roots erupt in riotous growth!
Roots grab the orc warlord.
The grasping roots constrict the orc warlord.
The orc warlord struggles to escape constriction.
The grasping roots constrict the orc warlord.
The orc warlord struggles to escape constriction.
The grasping roots constrict the orc warlord.
The roots release their grip on the orc warlord.
Things that are here:
2 boomerangs; a kobold corpse
Aiming: Fastroot
Press: ? - help, Shift-Dir - straight line, f/p - orc warlord
Aim: an orc warlord, wielding a +8 battleaxe and wearing a +0 plate armour (lightly wounded)
The roots erupt in riotous growth!
Roots grab the orc warlord.
The grasping roots constrict the orc warlord, but do no damage.
The orc warlord struggles to escape constriction.
The grasping roots constrict the orc warlord.
The roots release their grip on the orc warlord.
There is an open door here.
The gnoll shouts!
Aiming: Fastroot
Press: ? - help, Shift-Dir - straight line, f/p - orc warlord
Aim: an orc warlord, wielding a +8 battleaxe and wearing a +0 plate armour (lightly wounded)
The roots erupt in riotous growth!
Roots grab the orc warlord.
The grasping roots constrict the orc warlord, but do no damage.
The orc warlord struggles to escape constriction.
The grasping roots constrict the orc warlord.
The roots release their grip on the orc warlord.
There is an open door here.
You see here 2 boomerangs.
The gnoll hits you with a +0 hand axe. The gnoll misses you.
The gnoll attacks as you move away! The gnoll hits you with a +0 hand axe.
Casting: Stone Arrow (safe; 1% risk of failure)
Confirm with . or Enter, or press ? or * to list all spells.
Aiming: Stone Arrow (safe; 1% risk of failure)
Press: ? - help, Shift-Dir - straight line, f - gnoll
Aim: a gnoll, wielding a +0 hand axe and wearing a +0 leather armour (81% to hit)
You feel a surge of power!
The stone arrow hits the gnoll!!
You kill the gnoll!
Sif Muna accepts your kill.
Aiming: Fastroot
Press: ? - help, Shift-Dir - straight line, f - orc warlord
Aim: an orc warlord, wielding a +8 battleaxe and wearing a +0 plate armour The roots erupt in riotous growth!
Roots grab the orc warlord.
The grasping roots constrict the orc warlord, but do no damage.
The orc warlord struggles to escape constriction.
The grasping roots constrict the orc warlord, but do no damage.
The roots release their grip on the orc warlord.
Aiming: Fastroot
Press: ? - help, Shift-Dir - straight line, f/p - orc warlord
Aim: an orc warlord, wielding a +8 battleaxe and wearing a +0 plate armour The roots erupt in riotous growth!
Roots grab the orc warlord.
The grasping roots constrict the orc warlord, but do no damage.
The orc warlord struggles to escape constriction.
Okay, then.
The grasping roots constrict the orc warlord.
The roots release their grip on the orc warlord.
There is an open translucent gate here.
You enter the shallow water.
Moving in this stuff is going to be slow.
Aiming: Fastroot
Press: ? - help, Shift-Dir - straight line, f/p - orc warlord
Aim: an orc warlord, wielding a +8 battleaxe and wearing a +0 plate armour The roots erupt in riotous growth!
Roots grab the orc warlord.
The grasping roots constrict the orc warlord.
The grasping roots constrict the orc warlord!
The orc warlord struggles to escape constriction.
The grasping roots constrict the orc warlord, but do no damage.
The roots release their grip on the orc warlord.
You see here a scroll of acquirement.
Q - a scroll of acquirement
Aiming: Fastroot
Press: ? - help, Shift-Dir - straight line, f/p - orc warlord
Aim: an orc warlord, wielding a +8 battleaxe and wearing a +0 plate armour (lightly wounded)
The roots erupt in riotous growth!
Roots grab the orc warlord.
The grasping roots constrict the orc warlord.
The orc warlord escapes!
Aiming: Fastroot
Press: ? - help, Shift-Dir - straight line, f/p - orc warlord
Aim: an orc warlord, wielding a +8 battleaxe and wearing a +0 plate armour (lightly wounded)
The roots erupt in riotous growth!
Roots grab the orc warlord.
The grasping roots constrict the orc warlord, but do no damage.
The orc warlord hits you with a +8 battleaxe!!
The grasping roots constrict the orc warlord.
The roots release their grip on the orc warlord.
The orc warlord hits you with a +8 battleaxe!!
* * * LOW HITPOINT WARNING * * *
Okay, then.
Okay, then.
Unknown command.
Unknown command.
Okay, then.
Casting: Stone Arrow (safe; 1% risk of failure)
Confirm with . or Enter, or press ? or * to list all spells.
Aiming: Petrify (dangerous; 19% risk of failure)
Press: ? - help, Shift-Dir - straight line, f/p - orc warlord
Aim: an orc warlord, wielding a +8 battleaxe and wearing a +0 plate armour (lightly wounded, chance to affect: 29%)
Okay, then.
Aiming: Fastroot
Press: ? - help, Shift-Dir - straight line, f/p - orc warlord
Aim: an orc warlord, wielding a +8 battleaxe and wearing a +0 plate armour (lightly wounded)
The roots erupt in riotous growth!
Roots grab the orc warlord.
The grasping roots constrict the orc warlord.
The orc warlord hits you with a +8 battleaxe!!
* * * LOW HITPOINT WARNING * * *
The grasping roots constrict the orc warlord, but do no damage.
The roots release their grip on the orc warlord.
Aiming: Charm
Press: ? - help, Shift-Dir - straight line, f/p - orc warlord
Aim: an orc warlord, wielding a +8 battleaxe and wearing a +0 plate armour (lightly wounded, chance to affect: 17%)
The orc warlord resists with almost no effort.
The orc warlord hits you with a +8 battleaxe!
You die...

#.........)...............#
#..8..8..(..........8..8..#
#.......).........(.......#
##......####...####......#
♣##...(##~~#####~~##....##♣
♣.##.(.#~}.8...8?|~#...##.♣
♣♣..###)#~.........~#'###..♣♣
♣...~~~.#~..8o..8..~#.~~~...♣
♣...~~~)##....@....##.~~~...♣
∩...~~~.#~....∩....~#.~~~...∩
♣...~~~.#~.........~#.~~~...♣
♣...~~~)#~~.8...8.~~#.~~~...♣
♣♣..###)###.......###o###..♣♣
♣.##.(..#~.8...8.~#....##.♣
♣##.....#~~~~~~~~~#.....##♣
##......####~~~####......##
#...8......#'''#..)...8...#


You could see an orc warlord.

Vanquished Creatures
  A two-headed ogre (D:8)
  Pikel (D:9)
  2 kobold demonologists (D:8)
  A hornet (D:8)
  Sigmund (D:6)
  2 wraiths
  A steam dragon (D:9)
  Eustachio (D:6)
  Grum (D:9)
  A vampire mosquito (D:8)
  Menkaure (D:5)
  An acid dragon (D:9)
  A water moccasin (D:5)
  2 black bears
  2 ice beasts
  3 ogres
  11 orc warriors
  A centaur (D:8)
  2 sky beasts
  2 wolves (D:9)
  A lemure (D:9)
  A phantom (D:5)
  4 kobold brigands
  7 bullfrogs
  5 necrophages
  A gnoll sergeant (D:8)
  2 scorpions
  3 wights (D:6)
  9 killer bees
  2 howler monkeys
  A quasit (D:8)
  3 hounds
  A jelly (D:6)
  2 gnoll boudas
  7 orc priests
  3 iguanas
  9 orc wizards
  8 adders
  14 gnolls
  3 shadow imps (D:8)
  4 white imps
  4 ufetubi (D:8)
  2 worms
  2 dart slugs
  54 orcs
  4 endoplasms
  A giant cockroach (D:4)
  11 goblins
  8 hobgoblins
  3 jackals (D:4)
  23 kobolds
  3 quokkas
  8 ball pythons
  7 bats
  4 frilled lizards
  3 rats
265 creatures vanquished.

Vanquished Creatures (collateral kills)
  A wight (D:6)
1 creature vanquished.

Vanquished Creatures (others)
  A killer bee (D:8)
  2 demonic plants (D:8)
  A fungus (D:6)
  9 plants
  5 withered plants (D:3)
18 creatures vanquished.

Grand Total: 284 creatures vanquished

Notes
Turn   | Place    | Note
-------+----------+-------------------------------------------
     0 | D:1      | sleeves the Hill Orc Earth Elementalist began the quest for
                  | the Orb.
     0 | D:1      | Reached XP level 1. HP: 14/14 MP: 3/3
   161 | D:1      | Reached XP level 2. HP: 20/20 MP: 2/4
   576 | D:1      | Reached skill level 4 in Earth Magic
   717 | D:2      | Reached XP level 3. HP: 26/26 MP: 5/5
  1497 | D:3      | HP: 12/26 [orc/+0 flail (5)]
  1677 | D:3      | Reached skill level 5 in Earth Magic
  1677 | D:3      | Reached XP level 4. HP: 33/33 MP: 3/6
  2020 | D:3      | Found a blossoming altar of Fedhas.
  2020 | D:3      | Found an ancient bone altar of Kikubaaqudgha.
  2053 | D:3      | Reached XP level 5. HP: 38/38 MP: 4/7
  2231 | D:3      | Found a sacrificial altar of Ru.
  2354 | D:4      | Noticed a black bear
  2386 | D:4      | Killed a black bear
  2387 | D:4      | Reached skill level 6 in Earth Magic
  2387 | D:4      | Reached XP level 6. HP: 26/45 MP: 1/8
  2498 | D:4      | Learned a level 3 spell: Stone Arrow
  2602 | D:4      | Reached skill level 1 in Conjurations
  2625 | D:4      | Found a shadowy altar of Dithmenos.
  2655 | D:4      | Reached skill level 2 in Conjurations
  2799 | D:4      | Reached skill level 7 in Earth Magic
  3173 | D:5      | Entered Level 5 of the Dungeon
  3208 | D:5      | Noticed Menkaure
  3228 | D:5      | Reached XP level 7. HP: 50/50 MP: 5/9
  3419 | D:5      | Reached skill level 3 in Conjurations
  3590 | D:5      | Reached skill level 4 in Conjurations
  3712 | D:5      | Reached skill level 8 in Earth Magic
  3857 | D:5      | Reached XP level 8. HP: 57/57 MP: 7/10
  4319 | D:5      | Reached skill level 5 in Conjurations
  4464 | D:5      | Killed Menkaure
  4735 | D:6      | Reached skill level 9 in Earth Magic
  4834 | D:6      | Reached skill level 6 in Conjurations
  4879 | D:6      | HP: 16/57 [white imp/puff of frost (13)]
  5106 | D:6      | Found a staircase to the Ecumenical Temple.
  5174 | D:6      | Reached XP level 9. HP: 31/61 MP: 0/11
  5367 | D:6      | Noticed Sigmund
  5463 | D:6      | Killed Sigmund
  5464 | D:6      | Reached skill level 7 in Conjurations
  5578 | D:6      | CougarLife: did you win with the djinni
  5580 | D:6      | sleeves: i did
  5580 | D:6      | CougarLife: nice
  5580 | D:6      | sleeves: then i just died on the followup
  5580 | D:6      | sleeves: !lg
  5580 | D:6      | beem: 7192. sleeves the Cleaver (L10 HuBe of Trog), blasted
                  | by Erolcha (fireball) on D:9 on 2022-09-18 20:54:47, with
                  | 4811 points after 13112 turns and 0:23:09.
  5580 | D:6      | CougarLife: are you going to go beogh on this hill orc?
  5580 | D:6      | sleeves: nah
  5580 | D:6      | sleeves: im a caster
  5585 | D:6      | CougarLife: ok and
  5585 | D:6      | CougarLife: go beogh pussy
  5585 | D:6      | sleeves: if i wasnt a caster i would
  5585 | D:6      | CougarLife: become the orc jesus of your dreams
  5586 | Temple   | Entered the Ecumenical Temple
  5703 | Temple   | Became a worshipper of Sif Muna the Loreminder
  5784 | D:6      | Reached skill level 10 in Earth Magic
  5784 | D:6      | sleeves: are u still playing the troll
  5784 | D:6      | CougarLife: yes
  5784 | D:6      | CougarLife: i just got on havent touched it yet
  5916 | D:6      | Found a runed translucent door.
  5917 | D:6      | Noticed Crazy Yiuf
  5948 | D:6      | Found a basalt altar of Yredelemnul.
  6233 | D:6      | Noticed Eustachio
  6304 | D:6      | Killed Eustachio
  6305 | D:6      | Reached skill level 1 in Fighting
  6305 | D:6      | Reached skill level 1 in Invocations
  6908 | D:6      | Reached skill level 2 in Spellcasting
  7077 | D:7      | Reached skill level 2 in Invocations
  7199 | D:7      | Reached skill level 2 in Fighting
  7724 | D:7      | Reached skill level 3 in Invocations
  7725 | D:7      | Reached skill level 3 in Fighting
  7845 | D:7      | Reached * piety under Sif Muna
  8117 | D:7      | Found a hazy altar of Hepliaklqana.
  8325 | D:8      | Reached skill level 8 in Conjurations
  8368 | D:8      | Noticed a kobold demonologist
  8441 | D:8      | Noticed a kobold demonologist
  8447 | D:8      | Noticed an orange demon
  8594 | D:8      | Noticed a hornet
  8601 | D:8      | Killed a hornet
  8602 | D:8      | Reached skill level 3 in Spellcasting
  8602 | D:8      | Reached skill level 4 in Invocations
  8602 | D:8      | Reached XP level 10. HP: 70/78 MP: 3/14
  8790 | D:8      | Reached skill level 4 in Fighting
  8812 | D:8      | Learned a level 2 spell: Passwall
  8995 | D:8      | sleeves: lol maybe i shoulda gone boegh theres so many orcs
  9009 | D:8      | Reached skill level 2 in Stealth
  9111 | D:8      | Killed a kobold demonologist
  9112 | D:8      | Reached skill level 5 in Invocations
  9113 | D:8      | Killed a kobold demonologist
  9265 | D:8      | Found a sparkling altar of Nemelex Xobeh.
  9334 | D:8      | Reached ** piety under Sif Muna
  9500 | D:8      | CougarLife: i am always right
  9681 | D:8      | Reached skill level 3 in Stealth
  9761 | D:8      | Noticed a two-headed ogre
  9838 | D:7      | Reached skill level 6 in Invocations
 10034 | D:8      | Reached skill level 4 in Spellcasting
 10340 | D:8      | Reached skill level 9 in Conjurations
 10349 | D:8      | HP: 39/78 [poisoned by a killer bee]
 10636 | D:9      | Noticed Harold
 10822 | D:9      | Noticed Grum
 10921 | D:8      | Killed a two-headed ogre
 10922 | D:8      | Reached skill level 4 in Stealth
 10922 | D:8      | Reached skill level 7 in Invocations
 10922 | D:8      | Reached XP level 11. HP: 84/84 MP: 15/17
 11005 | D:9      | Killed Grum
 11166 | D:9      | Noticed Pikel
 11247 | D:9      | Killed Pikel
 11451 | D:9      | Found a shimmering altar of Xom.
 11528 | D:9      | Reached *** piety under Sif Muna
 11655 | D:9      | Found a staircase to the Orcish Mines.
 11946 | D:10     | Entered Level 10 of the Dungeon
 11946 | D:10     | Noticed lmSkywalker's ghost (journeyman OgCA)
 11946 | D:10     | Found a runed translucent gate.
 11946 | D:10     | Found a runed translucent gate.
 11946 | D:10     | Found a runed translucent gate.
 11966 | D:10     | Noticed Urug
 11968 | D:10     | Noticed a nine-headed hydra
 12142 | D:10     | Found a flagged portal.
 12171 | D:9      | Learned a level 4 spell: Petrify
 12184 | D:9      | Learned a level 3 spell: Conjure Flame
 12203 | D:9      | HP: 38/84 [Urug/+5 eveningstar (20)]
 12216 | D:9      | HP: 31/84 [Urug/javelin (10)]
 12230 | D:10     | Noticed a two-headed ogre
 12408 | Bailey   | Entered a bailey
 12455 | Bailey   | Noticed an orc warlord
 12630 | Bailey   | Found a runed translucent gate.
 12643 | Bailey   | Found a runed translucent gate.
 12645 | Bailey   | Found a runed translucent gate.
 12847 | Bailey   | HP: 33/84 [orc warlord/+8 battleaxe (26)]
 12849 | Bailey   | sleeves: fk
 12849 | Bailey   | sleeves: lol
 12849 | Bailey   | sleeves: i die
 12849 | Bailey   | HP: 7/84 [orc warlord/+8 battleaxe (26)]
 12851 | Bailey   | sleeves: oh cmon
 12851 | Bailey   | sleeves: fucking stupid
 12851 | Bailey   | Slain by an orc warlord

Illustrated notes

Levels and vault maps discovered:
D:1:      dpeg_arrival_court, layout_rooms
D:2:      layout_rooms
D:3:      layout_rooms, general_overflow_altar,
          grunt_temple_overflow_growth_and_decay
D:4:      layout_cave_pools, nicolae_dithmenos_shadow_blocks,
          chequers_serial_rivers_small_a, lightli_corner_chamber
D:5:      layout_loops_cross, dk_rats_in_the_wall, uniq_menkaure
D:6:      layout_loops_ring, mainiacjoe_overflow_small_starburst,
          minmay_temple_entry_slanted, uniq_crazy_yiuf_cottage, uniq_eustachio,
          uniq_sigmund
D:7:      layout_gridville, mainiacjoe_overflow_surrounded_room,
          minmay_misc_feat_secret_circle
D:8:      layout_loops_ring, mainiacjoe_overflow_brackets, serial_demonic,
          serial_demonic_a, serial_demonic_a, serial_demonic_b,
          serial_demonic_f, minmay_alternating_orb
D:9:      layout_rooms, mainiacjoe_overflow_boulevard, item_on_display_a,
          uniq_pikel, uniq_harold, uniq_grum
D:10:     layout_gridville, minmay_lair_entry_grove, enter_bailey_3,
          gammafunk_ghost_hydra_chop, patterned_corridor, uniq_urug, uniq_joseph
Temple:   jpeg_temple_clearing
Bailey:   bailey_axe_bossmonster_kennysheep, bailey

Skill      XL: |  1  2  3  4  5  6  7  8  9 10 |
---------------+-------------------------------+-----
Earth Magic    | 4 5 6 7 8 9 10 | 10.0
Conjurations   | 2 4 6 8 9 |  9.7
Fighting       | 3 4 |  4.0
Invocations    | 4 7 |  7.9
Spellcasting   | 3 4 |  4.9
Stealth        | 4 |  4.8
Dodging        | |  1.5
Transmutations | |  0.6

Action                   |  1- 3 |  4- 6 |  7- 9 | 10-12 || total
-------------------------+-------+-------+-------+-------++-------
Melee: Dagger            |     2 |       |       |       ||     2
       Unarmed           |     2 |       |       |       ||     2
       Hand axe          |    20 |       |       |       ||    20
       Punch             |     1 |       |       |       ||     1
       Whip              |       |     3 |     3 |     9 ||    15
       Staff             |       |       |       |     2 ||     2
 Cast: Sandblast         |    44 |    51 |   181 |    93 ||   369
       Stone Arrow       |       |       |    17 |    82 ||    99
       Passwall          |       |       |       |     1 ||     1
       Petrify           |       |       |       |     3 ||     3
Evoke: Wand              |       |       |     2 |    14 ||    16
  Use: Scroll            |       |       |       |    11 ||    11
 Stab: Sleeping          |     1 |       |       |       ||     1
       Petrified         |       |       |       |     8 ||     8
Armor: Robe              |     8 |     1 |     9 |    17 ||    35
Dodge: Dodged            |    32 |    16 |    89 |    66 ||   203
Block: Buckler           |       |       |       |    17 ||    17
